Map: Scorie nucleari

Players

joOa

  • Race: Protoss Protoss
  • League: Platinum
  • Spawn Location: 6:00

magnifier

  • Race: Zerg Zerg
  • Spawn Location: 5:00

Gembo

  • Race: Terran Terran
  • League: Platinum
  • Spawn Location: 3:00

Otsalot

  • Race: Terran Terran
  • Spawn Location: 6:00

LaWeedaLoca - Winner!

  • Race: Terran Terran
  • League: Master
  • Spawn Location: 12:00

Mørtebianca - Winner!

  • Race: Zerg Zerg
  • League: Diamond
  • Spawn Location: 11:00

IlBirraioOo - Winner!

  • Race: Terran Terran
  • League: Platinum
  • Spawn Location: 9:00

Jhyrachy - Winner!

  • Race: Zerg Zerg
  • League: Silver
  • Spawn Location: 12:00

VOD

Have the link to the VOD?

Description

Time

  • Played on: Dec. 9, 2015, 5:20 p.m.
  • Length: 13:26
Show
View Real Time Build Order
Export as new Build Order

joOa Protoss 

Build Orders: Phoenix Opening 

Get SALT Encoding   

  12  0:01  Probe (Chrono Boost)  
  13  0:16  Pylon  
  13  0:20  Probe (Chrono Boost)  
  14  0:31  Probe (Chrono Boost)  
  15  0:36  Gateway  
  15  0:41  Probe (Chrono Boost)  
  16  0:47  Assimilator  
  16  0:52  Probe (Chrono Boost)  
  17  1:03  Probe (Chrono Boost)  
  18  1:04  Assimilator  
  18  1:13  Probe (Chrono Boost)  
  19  1:24  Probe (Chrono Boost)  
  20  1:28  Cybernetics Core  
  20  1:34  Probe (Chrono Boost)  
  20  1:36  Pylon  
  21  1:45  Probe (Chrono Boost)  
  22  1:55  Probe (Chrono Boost)  
  23  2:06  Probe (Chrono Boost)  
  23  2:07  Stargate  
  24  2:12  Stalker, Warp Gate  
  26  2:16  Probe (Chrono Boost)  
  26  2:22  Pylon  
  27  2:27  Probe (Chrono Boost)  
  28  2:37  Probe (Chrono Boost)  
  29  2:48  Probe (Chrono Boost)  
  29  2:50  Pylon  
  30  2:58  Phoenix, Probe (Chrono Boost)  
  30  3:03  Stargate  
  33  3:06  Pylon  
  34  3:16  Mothership Core (Chrono Boost)  
  35  3:31  Phoenix  
  35  3:34  Probe (Chrono Boost)  
  38  3:44  Probe (Chrono Boost)  
  39  3:59  Phoenix  
  39  4:02  Probe (Chrono Boost)  
  42  4:12  Probe (Chrono Boost)  
  42  4:15  Phoenix  
  45  4:29  Nexus, Probe (Chrono Boost)  
  45  4:30  Pylon  
  46  4:33  Phoenix  
  48  4:39  Pylon  
  48  4:49  Gateway  
  48  4:51  Gateway  
  48  4:53  Pylon  
  48  4:54  Probe (Chrono Boost)  
  49  5:05  Probe (Chrono Boost)  
  50  5:12  Phoenix x2  
  54  5:26  Probe (Chrono Boost)  
  55  5:37  Probe (Chrono Boost)  
  56  5:47  Probe (Chrono Boost)  
  57  6:08  Phoenix x2  
  61  6:28  Probe x2 (Chrono Boost)  
  61  6:29  Zealot  
  65  6:38  Probe (Chrono Boost)  
  65  6:39  Probe (Chrono Boost)  
  67  6:43  Zealot x2  
  67  6:47  Forge  
  71  6:49  Assimilator x2  
  71  6:50  Probe x2 (Chrono Boost)  
  73  6:56  Pylon  
  73  6:58  Zealot  
  73  6:59  Pylon  
  73  7:01  Probe (Chrono Boost), Pylon  
  76  7:15  Probe x2 (Chrono Boost)  
  78  7:24  Zealot x2  
  78  7:25  Zealot  
  78  7:26  Photon Cannon  
  78  7:27  Photon Cannon  
  78  7:29  Photon Cannon  
  84  7:31  Photon Cannon  
  84  7:52  Zealot x2  
  84  7:53  Zealot  
  84  7:54  Probe (Chrono Boost)  
  84  7:56  Probe  
  67  8:29  Zealot x3  
  64  8:49  Void Ray  
  64  8:50  Void Ray  
  64  9:09  Stargate  
  60  9:15  Nexus  
  55  9:32  Void Ray x2  
  55  9:34  Nexus  
  55  9:36  Pylon  
  63  9:42  Zealot  
  63  9:43  Zealot x2  
  69  10:02  Void Ray  
  69  10:06  Zealot x3  
  79  10:15  Void Ray x2  
  87  10:35  Pylon  
  76  10:50  Probe x2  
  74  11:01  Probe x2  
  74  11:02  Pylon  
  72  11:04  Pylon  
  72  11:09  Void Ray  
  72  11:10  Void Ray x2  
  84  11:29  Twilight Council  
  84  11:30  Zealot x2  
  87  11:54  Void Ray x3  
  81  12:36  Void Ray x2  
  69  12:40  Zealot x3  
  69  12:43  Dark Shrine  
Show
View Real Time Build Order
Export as new Build Order

magnifier Zerg 

Build Orders: Hatch First 

Get SALT Encoding   

  12  0:01  Drone  
  13  0:10  Drone  
  14  0:17  Overlord  
  14  0:35  Drone x3, Extractor  
  16  0:47  Drone  
  17  1:01  Drone  
  18  1:04  Hatchery  
  17  1:18  Spawning Pool  
  17  1:19  Drone  
  17  1:34  Drone x2  
  19  1:42  Drone  
  20  1:51  Overlord  
  20  2:08  Drone  
  21  2:14  Spine Crawler  
  20  2:19  Drone  
  20  2:20  Queen  
  20  2:22  Queen  
  25  2:23  Overlord  
  25  2:27  Zergling x2  
  26  2:36  Zergling x2  
  27  2:37  Drone  
  27  2:38  Drone  
  29  2:47  Metabolic Boost  
  29  2:49  Drone  
  30  2:53  Extractor  
  29  2:58  Drone  
  29  3:04  Drone  
  31  3:13  Drone  
  31  3:14  Drone  
  31  3:17  Drone x2  
  35  3:27  Lair  
  35  3:31  Drone x4  
  39  3:36  Overlord  
  39  3:37  Overlord  
  39  3:42  Zergling x4  
  41  3:49  Spine Crawler  
  39  4:00  Drone x3  
  39  4:01  Drone x3  
  45  4:05  Extractor  
  45  4:08  Extractor  
  45  4:09  Drone  
  44  4:10  Drone x4  
  48  4:35  Spire  
  47  4:41  Drone x3  
  50  4:48  Zergling x4  
  50  4:49  Zergling x6  
  55  4:56  Overlord x3  
  55  5:04  Drone  
  56  5:08  Drone  
  57  5:25  Infestation Pit  
  56  5:28  Zergling x2  
  56  5:29  Zergling x4  
  56  5:30  Zergling x6  
  62  5:44  Drone  
  62  5:49  Evolution Chamber  
  62  5:52  Drone x2, Evolution Chamber  
  63  6:02  Overlord x3  
  63  6:03  Overlord  
  63  6:11  Hive  
  63  6:29  Zergling x12  
  63  6:30  Zerg Melee Weapons Level 1  
  63  6:31  Zerg Ground Armor Level 1  
  69  6:52  Hatchery  
  68  6:55  Overlord x3  
  68  6:56  Overlord x2  
  68  7:02  Zergling x10  
  60  7:35  Ultralisk Cavern  
  53  7:39  Zergling x2  
  53  7:40  Zergling x14  
  24  8:23  Queen  
  24  8:24  Drone  
  24  8:25  Drone x3  
  30  8:30  Chitinous Plating  
  30  8:33  Ultralisk  
  30  8:34  Ultralisk x2  
  48  8:36  Drone  
  49  8:43  Ultralisk x4  
  73  8:52  Drone  
  74  8:59  Drone  
  75  9:13  Zergling x10  
  80  9:18  Drone  
  81  9:39  Drone x4  
  81  9:40  Drone  
Show
View Real Time Build Order
Export as new Build Order

Gembo Terran 

Build Orders: MMM Bio 

Get SALT Encoding   

  12  0:01  SCV  
  13  0:13  SCV  
  14  0:20  Supply Depot  
  14  0:25  SCV  
  15  0:42  SCV, Barracks  
  16  0:48  Refinery  
  16  0:54  SCV  
  17  1:06  SCV  
  18  1:19  SCV  
  19  1:32  Command Center, SCV  
  20  1:38  Reaper  
  21  1:47  Orbital Command  
  21  1:55  Supply Depot  
  21  2:10  Barracks Tech Lab  
  21  2:13  SCV  
  22  2:20  Refinery  
  22  2:24  Factory  
  22  2:25  SCV  
  22  2:47  SCV  
  23  2:53  Barracks  
  23  2:55  Barracks  
  23  3:00  SCV  
  24  3:11  Factory Reactor, Starport  
  24  3:15  SCV  
  24  3:16  Engineering Bay  
  25  3:25  Orbital Command  
  25  3:31  SCV  
  22  4:05  Terran Infantry Weapons Level 1, Barracks Tech Lab  
  22  4:16  Refinery  
  22  4:17  Refinery  
  22  4:28  Marine  
  23  4:38  Marine  
  23  4:39  Barracks Reactor  
  23  4:42  SCV x2  
  26  4:54  SCV x2  
  26  4:58  Command Center  
  28  5:06  SCV x2  
  30  5:09  Hellion x2  
  34  5:15  Supply Depot  
  34  5:17  Supply Depot  
  34  5:18  Supply Depot, SCV  
  34  5:19  SCV, Supply Depot  
  36  5:30  SCV  
  36  5:31  SCV, Hellion x2  
  42  5:43  SCV x2  
  44  5:55  Hellion x2  
  48  5:58  Marine x2  
  48  5:59  Terran Infantry Armor Level 1  
  48  6:00  Marauder  
  48  6:01  Concussive Shells, Stimpack  
  48  6:03  SCV x2  
  54  6:15  Engineering Bay  
  54  6:25  SCV  
  54  6:26  SCV  
  56  6:35  Orbital Command  
  56  6:38  SCV x2  
  56  6:39  Marauder, Marine x2  
  62  6:41  Widow Mine x2, Marauder  
  62  6:45  Armory  
  68  7:39  Medivac x2  
  74  7:51  Marauder  
  74  7:52  Marauder, Marine x2  
  76  8:09  Marine x2, Medivac x2  
  76  8:11  Hellion  
  86  8:12  Marauder  
  86  8:13  Marauder  
  88  8:22  Barracks x3  
  84  8:32  Marine, Hellion  
  84  8:33  Marine  
  90  8:34  Marauder  
  90  8:35  Marauder  
  90  8:38  Terran Infantry Armor Level 2, Terran Infantry Weapons Level 2  
  92  8:50  Marine  
  93  8:57  Marauder  
  85  9:05  Marauder, Marine  
  85  9:08  Marine  
  85  9:19  Marauder  
  85  9:22  Marine  
  85  9:26  Marine  
  85  9:27  Marauder  
  83  9:32  Widow Mine  
  83  9:34  Orbital Command, Barracks Reactor, Barracks Tech Lab  
  83  9:35  Barracks Tech Lab  
  73  9:40  Marauder, Marine  
  73  9:44  Marine  
  77  9:47  Barracks x3  
  77  9:48  Marauder  
  79  9:58  Marine  
  80  10:01  Widow Mine, Marine  
  80  10:02  Marauder  
  80  10:06  Combat Shields  
  82  10:09  Marauder  
  84  10:16  Marine  
  85  10:40  Orbital Command  
  85  10:48  Marine  
  85  10:49  Marine x2  
  85  10:54  Marine  
  85  10:56  Marauder  
  85  11:02  Marauder  
  84  11:06  Marine  
  85  11:11  Refinery  
  85  11:14  Refinery  
  85  11:42  Marine  
  85  11:50  Marine x2  
  85  11:53  Marine  
  85  12:03  Barracks Reactor x2  
  85  12:04  Marine, Barracks Tech Lab  
  85  12:24  Marine  
  85  12:25  Marine x2  
  85  12:30  Marauder  
  85  12:32  Marauder  
  84  12:42  Marine  
  85  12:45  Marine  
  85  13:06  Marine  
Show
View Real Time Build Order
Export as new Build Order

Otsalot Terran 

Build Orders: Mech 

Get SALT Encoding   

  12  0:01  SCV  
  13  0:13  SCV  
  14  0:19  Supply Depot  
  14  0:25  SCV  
  15  0:41  SCV  
  15  0:42  Barracks  
  16  0:53  SCV  
  16  0:55  Refinery  
  17  1:05  SCV  
  18  1:17  SCV  
  19  1:29  Orbital Command  
  19  1:38  Reaper  
  20  1:43  Supply Depot  
  20  1:59  SCV  
  21  2:07  Command Center  
  21  2:11  SCV  
  22  2:17  Factory  
  22  2:21  Refinery  
  22  2:23  SCV, Supply Depot  
  23  2:33  Barracks Reactor  
  23  2:35  SCV  
  24  2:47  SCV  
  25  2:59  SCV  
  26  3:11  SCV  
  27  3:22  Factory  
  27  3:27  SCV  
  32  3:41  Hellion x2  
  32  3:51  Starport, SCV  
  32  3:52  Orbital Command  
  33  3:55  Refinery  
  33  4:09  Hellion x2  
  37  4:12  Factory Reactor  
  37  4:16  Factory  
  37  4:19  Armory, SCV x2  
  39  4:27  Refinery  
  39  4:31  SCV  
  40  4:38  SCV  
  41  4:39  Hellion x2  
  41  4:44  SCV  
  46  4:47  Supply Depot, Engineering Bay  
  46  4:48  Supply Depot  
  46  4:53  Hellion  
  46  4:54  Hellion  
  50  5:09  SCV x2  
  50  5:10  Hellion x2  
  56  5:19  Hellion x2  
  59  5:34  Hellion x2  
  63  5:41  SCV x2, Hellion x2  
  69  5:43  Factory Tech Lab  
  69  5:59  Medivac  
  65  6:14  SCV  
  65  6:15  SCV  
  65  6:16  Hellbat x2  
  69  6:18  Hellbat  
  69  6:20  Hellbat  
  69  6:25  Terran Vehicle Weapons Level 1  
  65  6:27  SCV x2  
  59  6:33  Infernal Pre-Igniter  
  59  6:37  Hellbat  
  59  6:39  SCV, Starport Reactor  
  70  6:47  Hellbat  
  70  6:53  SCV  
  70  6:54  Hellbat x2  
  69  6:55  Supply Depot  
  69  6:58  Supply Depot  
  69  6:59  SCV  
  71  7:08  SCV  
  71  7:11  Hellbat  
  71  7:12  Hellbat  
  75  7:17  Thor  
  81  7:43  Medivac x2  
  81  7:51  Mag-Field Accelerator  
  83  7:58  Hellbat  
  83  7:59  Hellbat x3  
  83  8:01  SCV x2  
  91  8:11  Supply Depot  
  91  8:12  Factory  
  89  8:13  Thor, Supply Depot  
  91  8:25  Hellbat  
  93  8:32  Hellbat, SCV  
  93  8:33  Hellbat x2, SCV  
  97  8:37  Supply Depot x2, Viking x2  
  101  8:44  SCV  
  102  8:50  Factory  
  96  9:07  Hellbat x2  
  96  9:08  Hellbat  
  96  9:09  Hellbat  
  90  9:13  Thor, Factory Tech Lab  
  84  9:27  Terran Vehicle Weapons Level 2, Viking x2  
  82  9:34  Hellbat x2  
  82  9:37  Hellbat  
  88  9:48  SCV x2  
  88  9:52  Hellbat  
  92  9:55  Thor  
  92  9:57  Command Center  
  92  9:58  Missile Turret  
  92  9:59  Missile Turret  
  90  10:20  Siege Tank  
  93  10:21  Hellbat x2  
  93  10:22  Hellbat x2  
  99  10:38  SCV x2  
  104  10:48  Hellbat  
  104  10:49  Hellbat x2  
  107  10:50  Factory Tech Lab  
  107  11:09  SCV  
  107  11:10  SCV  
  109  11:12  Refinery  
  109  11:14  Orbital Command  
  109  11:19  Hellbat, Hellion x3  
  109  11:20  Siege Tank x2  
  109  11:22  SCV  
  109  11:23  Factory Tech Lab  
  124  11:29  SCV  
  125  11:34  SCV  
  120  11:52  Hellion  
  120  11:53  Hellion x2  
  124  11:54  Hellion  
  124  12:00  Hellion x2  
  118  12:02  Hellion  
  112  12:18  Siege Tank  
  112  12:19  Hellbat x3  
  121  12:28  Hellbat  
  121  12:29  Siege Tank, Hellbat  
  125  12:50  Siege Tank  
  93  12:59  Hellbat x3  
  93  13:00  Hellbat  
  104  13:09  Factory  
  92  13:17  Command Center  
  92  13:19  Command Center  
Show
View Real Time Build Order
Export as new Build Order

LaWeedaLoca Terran - Winner!

Build Orders: MMM Bio 

Get SALT Encoding   

  12  0:02  SCV  
  13  0:16  SCV  
  13  0:19  Supply Depot  
  14  0:28  SCV  
  15  0:43  SCV  
  15  0:46  Barracks  
  15  0:47  Refinery  
  16  1:02  SCV  
  17  1:15  SCV  
  18  1:27  SCV  
  19  1:38  Reaper  
  19  1:39  Orbital Command  
  20  2:12  SCV  
  20  2:14  Barracks Reactor  
  21  2:23  Command Center  
  21  2:24  Command Center  
  21  2:26  Supply Depot  
  21  2:35  SCV  
  22  2:41  Barracks  
  22  2:51  Marine  
  22  2:52  Marine  
  22  2:53  SCV  
  25  3:00  Refinery  
  25  3:05  SCV, Factory  
  26  3:12  Marine x2  
  28  3:17  SCV  
  29  3:49  SCV  
  29  3:50  Marine x2, Barracks Tech Lab  
  33  3:55  Orbital Command  
  33  3:56  Orbital Command  
  32  4:08  Marine x2  
  34  4:10  Factory Reactor  
  34  4:12  Orbital Command  
  34  4:13  Starport  
  34  4:15  Stimpack  
  34  4:23  Orbital Command  
  34  4:28  Marine x3  
  37  4:36  Barracks  
  37  4:39  SCV x2  
  39  4:49  SCV  
  40  4:56  Medivac x2  
  40  4:57  Factory Reactor  
  40  4:58  Supply Depot  
  44  5:03  SCV x2  
  46  5:09  SCV  
  46  5:13  Marine x3  
  50  5:15  SCV  
  50  5:18  Engineering Bay  
  51  5:25  SCV x2  
  53  5:28  Medivac  
  53  5:29  Medivac  
  53  5:30  Supply Depot, Barracks Tech Lab  
  53  5:31  Marauder  
  59  5:37  Widow Mine  
  59  5:38  Widow Mine  
  59  5:40  Barracks  
  63  5:50  Marine  
  63  5:51  Marauder  
  66  5:58  Marine x2  
  66  6:00  SCV x2  
  66  6:02  Combat Shields  
  70  6:06  Refinery x2, SCV  
  70  6:08  Marine  
  70  6:10  Missile Turret  
  72  6:12  Marauder, SCV x2  
  72  6:13  Missile Turret  
  72  6:15  Missile Turret, Marine  
  77  6:27  Concussive Shells  
  77  6:28  Barracks Reactor  
  77  6:32  Barracks  
  77  6:33  Supply Depot  
  77  6:36  Barracks  
  77  6:38  Engineering Bay  
  77  6:54  Widow Mine, SCV  
  77  6:55  Marauder, Marine, SCV x2, Supply Depot  
  77  6:57  Marine x2  
  87  7:07  SCV x3  
  90  7:13  Marine x3  
  93  7:16  Marine x2  
  93  7:17  Marauder  
  93  7:19  SCV x2, Supply Depot  
  93  7:21  Marine  
  100  7:30  Marine  
  100  7:33  Marine  
  100  7:36  Marine x2  
  101  7:40  Marine  
  101  7:41  Marauder x2  
  101  7:43  Terran Infantry Weapons Level 1, Terran Infantry Armor Level 1  
  106  7:44  Supply Depot, SCV x2  
  106  7:45  SCV  
  106  7:49  Supply Depot  
  109  7:56  SCV  
  109  8:05  Marine x3  
  109  8:06  Marauder x2, SCV  
  109  8:10  Marine  
  109  8:11  Marine  
  109  8:26  Marine x3  
  109  8:27  Widow Mine x2, Marauder, Marine  
  98  8:28  Medivac x2  
  98  8:29  Marine  
  98  8:33  SCV  
  98  8:34  SCV x2  
  108  8:38  Barracks Reactor  
  107  8:42  Supply Depot x2  
  107  8:44  Marine  
  107  8:45  Armory, Marauder, SCV  
  111  8:49  Marauder  
  111  8:55  Barracks  
  113  8:56  Widow Mine, Barracks  
  113  8:57  Barracks  
  113  8:58  Medivac x2  
  119  9:03  Marine  
  119  9:06  Marauder, Refinery  
  119  9:07  Refinery  
  119  9:09  SCV x3  
  125  9:15  Command Center  
  125  9:17  Marine x2  
  125  9:18  Marauder, Marine x3  
  125  9:21  Marine, SCV x2  
  135  9:26  Widow Mine x2  
  135  9:27  Marine  
  140  9:35  Marine  
  140  9:37  Marine  
  141  9:38  Medivac  
  141  9:43  Medivac  
  137  9:54  Widow Mine  
  139  10:14  Marine x3, Medivac x2  
  135  10:15  Marauder x2, Marine  
  135  10:18  Barracks Tech Lab x2  
  135  10:19  Barracks Reactor, Marine x2  
  135  10:20  Widow Mine  
  136  10:24  Terran Infantry Armor Level 2, Terran Infantry Weapons Level 2  
  134  10:30  Planetary Fortress  
  134  10:31  Missile Turret  
  134  10:32  Marine x2  
  135  10:36  Marauder x2  
  117  10:58  Marauder  
  115  11:04  Orbital Command  
  105  11:32  Refinery x2  
  105  11:37  Marine x3  
  105  11:38  Marauder x3, Marine x4  
  105  11:39  Widow Mine x2, Marauder, Marine  
  125  11:40  Medivac x2  
  129  11:55  Marine x4  
  129  11:56  Marine x2  
  129  11:59  Marauder x2  
  129  12:00  Marauder x2  
  143  12:07  Widow Mine  
  145  12:10  Medivac  
  147  12:17  Marine x4  
  147  12:18  Marine x4  
  147  12:21  Marine  
  156  12:26  Marauder  
  156  12:28  Marauder  
  155  12:30  Marauder  
  155  12:35  Marine x5  
  155  12:36  Marine x3  
  154  12:39  Marine  
  155  12:47  Marine  
  155  12:50  Marine, Supply Depot, Medivac x2  
  155  12:51  Marine, Supply Depot  
  161  12:53  Marine x4  
  161  12:55  Marine x4  
  161  12:57  Marauder  
  172  13:04  Command Center  
Show
View Real Time Build Order
Export as new Build Order

Mørtebianca Zerg - Winner!

Build Orders: 3 Hatch before Pool 

Get SALT Encoding   

  12  0:01  Drone  
  13  0:09  Drone  
  14  0:17  Overlord  
  14  0:35  Drone x3  
  17  0:53  Hatchery  
  16  0:58  Drone  
  17  1:20  Drone  
  17  1:22  Hatchery  
  17  1:37  Extractor  
  17  1:39  Spawning Pool  
  15  1:49  Drone x3  
  18  2:01  Drone  
  19  2:16  Drone x3  
  19  2:21  Drone  
  23  2:27  Drone  
  24  2:33  Drone  
  24  2:35  Drone  
  26  2:38  Drone  
  26  2:44  Metabolic Boost  
  27  2:45  Drone  
  27  2:46  Drone  
  27  2:48  Drone  
  30  2:53  Drone  
  30  2:55  Overlord  
  31  3:01  Drone  
  31  3:04  Zergling x2  
  33  3:13  Queen x2  
  33  3:15  Extractor  
  33  3:16  Overlord  
  33  3:17  Overlord  
  37  3:20  Queen  
  39  3:30  Drone x3  
  39  3:31  Overlord  
  39  3:32  Overlord  
  42  3:35  Drone  
  43  3:53  Drone x6  
  48  4:12  Drone x3, Extractor  
  48  4:16  Drone x2, Extractor x2  
  50  4:18  Drone  
  50  4:20  Drone  
  50  4:21  Drone  
  53  4:27  Drone x3  
  53  4:29  Drone x2, Extractor  
  53  4:30  Drone, Extractor  
  53  4:31  Drone x3  
  59  4:32  Overlord  
  59  4:35  Lair  
  60  4:39  Evolution Chamber  
  60  4:41  Evolution Chamber  
  60  4:43  Roach Warren  
  57  4:45  Evolution Chamber  
  57  4:47  Drone x4  
  60  4:59  Drone x3  
  63  5:00  Overlord x2  
  63  5:03  Zergling x6  
  66  5:08  Spore Crawler, Overlord  
  66  5:09  Spine Crawler  
  66  5:10  Overlord  
  56  5:26  Spore Crawler  
  56  5:27  Spine Crawler  
  47  5:29  Zergling x2, Spine Crawler  
  47  5:30  Roach x8  
  47  5:31  Roach x3  
  66  5:43  Drone x3  
  66  5:44  Drone x3  
  72  5:55  Spore Crawler  
  72  5:57  Spore Crawler  
  69  5:58  Overlord x4  
  67  6:09  Zerg Ground Armor Level 1, Zerg Missile Weapons Level 1  
  61  6:12  Hydralisk Den  
  61  6:15  Drone x2  
  61  6:16  Drone x3  
  60  6:25  Spore Crawler  
  59  6:27  Spore Crawler, Drone x3  
  59  6:28  Spore Crawler  
  59  6:32  Drone x2  
  62  6:38  Glial Reconstitution  
  62  6:42  Muscular Augments  
  62  6:43  Drone  
  62  6:45  Drone  
  62  6:46  Drone  
  65  6:50  Drone  
  66  7:03  Drone x3  
  66  7:04  Drone  
  70  7:11  Overlord x4  
  70  7:30  Drone x2  
  70  7:31  Drone x2  
  70  7:35  Hydralisk x2  
  76  7:59  Hydralisk  
  76  8:00  Hydralisk x7  
  92  8:07  Hydralisk  
  92  8:08  Zerg Missile Weapons Level 2, Zerg Ground Armor Level 2  
  94  8:15  Infestation Pit  
  94  8:19  Hydralisk x2  
  95  8:21  Overlord  
  97  8:37  Overlord x3  
  97  8:48  Overlord x3  
  97  8:58  Hydralisk  
  97  8:59  Hydralisk x5  
  109  9:03  Hive  
  109  9:10  Hydralisk x2  
  109  9:11  Hydralisk x3  
  119  9:19  Hatchery  
  114  9:24  Hydralisk  
  114  9:25  Hydralisk x5  
  84  9:49  Roach  
  84  9:50  Roach x5  
  84  9:51  Hatchery  
  95  9:55  Tunneling Claws  
  95  9:57  Burrow  
  95  9:58  Lurker Den  
  95  10:00  Roach  
  95  10:01  Roach x2  
  95  10:05  Roach x2  
  95  10:22  Roach x5  
  105  10:31  Drone  
  105  10:32  Drone x6  
  110  10:43  Roach x4  
  116  10:56  Roach  
  110  10:57  Roach x4  
  110  11:01  Roach x4  
  88  11:06  Hydralisk  
  88  11:07  Hydralisk x4  
  92  11:12  Hydralisk x4  
  92  11:18  Hydralisk x2  
  102  11:21  Hydralisk  
  102  11:22  Roach x7  
  102  11:23  Hydralisk  
  98  11:42  Hydralisk x2  
  98  11:43  Hydralisk x5  
  96  11:47  Roach x2  
  96  11:49  Roach  
  100  11:59  Roach x3  
  100  12:00  Roach x3  
  112  12:03  Roach  
  112  12:04  Roach  
  116  12:11  Roach  
  116  12:12  Roach x3  
  116  12:16  Roach  
  116  12:17  Roach  
  120  12:26  Roach  
  120  12:27  Roach x4  
  132  12:30  Roach  
  132  12:39  Roach x4  
  124  13:00  Roach x5  
  124  13:01  Roach x5  
  144  13:11  Extractor  
  144  13:12  Extractor  
Show
View Real Time Build Order
Export as new Build Order

IlBirraioOo Terran - Winner!

Build Orders: Reaper Expand, MMM Bio 

Get SALT Encoding   

  12  0:02  SCV  
  13  0:14  SCV  
  13  0:19  Supply Depot  
  14  0:26  SCV  
  15  0:41  SCV  
  15  0:42  Barracks  
  16  0:45  Refinery  
  16  0:54  SCV  
  17  1:06  SCV  
  18  1:22  SCV  
  19  1:33  Reaper  
  19  1:35  Orbital Command  
  20  1:45  Command Center  
  20  2:01  SCV  
  20  2:06  Factory  
  21  2:12  Marine  
  22  2:17  SCV  
  22  2:19  Refinery  
  23  2:40  SCV  
  23  2:47  Marine  
  23  2:50  Supply Depot  
  23  3:04  SCV  
  24  3:07  Starport  
  24  3:08  Factory Tech Lab  
  24  3:09  Barracks Reactor  
  24  3:11  Orbital Command  
  24  3:29  SCV  
  25  3:57  SCV  
  25  3:58  Marine x2, SCV  
  25  3:59  Siege Tank  
  31  4:03  Starport Reactor  
  31  4:09  SCV  
  32  4:10  SCV, Supply Depot  
  33  4:17  Marine x2  
  35  4:29  Barracks x2  
  35  4:33  Siege Tank  
  35  4:34  SCV  
  35  4:35  SCV  
  35  4:37  Marine x2  
  42  4:47  SCV x2  
  42  4:49  Refinery x2  
  42  4:52  Medivac  
  46  4:59  SCV  
  47  5:02  Marine x2  
  49  5:13  Hellion  
  51  5:14  SCV  
  51  5:15  SCV  
  51  5:20  Supply Depot x2  
  51  5:21  Barracks Reactor, Barracks Tech Lab  
  53  5:23  Barracks  
  53  5:25  Marine  
  54  5:41  Marine, SCV x2, Medivac  
  59  5:43  Marine  
  59  5:53  SCV x2  
  59  5:55  Marine  
  55  5:58  Medivac  
  55  6:00  Siege Tank  
  56  6:06  Marine x3, SCV x2  
  56  6:07  Marine  
  62  6:12  Stimpack  
  62  6:13  Marine, Barracks Tech Lab  
  62  6:18  SCV x2  
  65  6:25  Marine x2  
  65  6:26  Marine x2  
  65  6:30  SCV  
  70  6:48  Supply Depot  
  70  7:04  Supply Depot  
  70  7:09  Siege Tank, Marine x3, SCV x2  
  78  7:17  Marine  
  78  7:18  Marine  
  78  7:20  Medivac  
  78  7:21  SCV x2  
  76  7:27  Supply Depot  
  76  7:31  Marine x3  
  76  7:33  SCV x2  
  76  7:34  Engineering Bay  
  76  7:35  Marine  
  76  7:36  Marine  
  83  7:40  Combat Shields  
  83  7:45  SCV  
  83  7:46  SCV  
  83  7:51  Marine x2  
  85  7:58  SCV x2  
  89  8:00  Marine x2  
  91  8:10  SCV x2  
  93  8:22  Marine  
  93  8:23  Marine  
  94  8:29  Marine x2  
  94  8:31  Marine x2  
  93  8:40  Marine  
  92  8:41  Marine  
  92  8:47  Marine  
  94  8:55  Marine x3  
  58  9:17  Marine x6  
  47  9:18  Siege Tank  
  47  9:19  Medivac x2  
  47  9:21  SCV x2  
  62  9:26  Supply Depot  
  62  9:27  Missile Turret  
  62  9:28  Missile Turret  
  62  9:33  SCV x2  
  62  9:34  Marine, Liberator x2  
  65  9:41  Marine x5  
  70  9:50  Siege Tank  
  70  9:52  Marine  
  79  9:58  Marine  
  79  9:59  Marine  
  80  10:17  Liberator x2  
  78  10:28  Marine x4  
  76  10:29  Marauder, Marine  
  82  10:47  Marauder  
  68  11:00  Liberator x2  
  66  11:10  Marauder x2, Marine x3  
  75  11:22  Marine  
  74  11:27  Marine  
  74  11:28  Marine x2  
  74  11:31  Marine  
  74  11:32  Marine  
  79  11:40  Marine  
  79  11:43  Liberator x2  
  79  11:45  Marine  
  79  11:46  Marine x2  
  83  11:49  Marine x2  
  85  11:58  Marine  
  92  12:03  Marine  
  93  12:12  Marine  
  93  12:13  Marine x3  
  97  12:16  Marine  
  97  12:21  Marine  
  90  12:29  Siege Tank  
  93  12:30  Marine  
  93  12:31  Marauder x2, Marine  
  93  12:33  SCV x2  
  101  12:45  SCV x2  
  92  12:53  Marauder  
  92  12:57  Marine x4  
  92  12:58  Marine  
  85  13:02  Command Center  
Show
View Real Time Build Order
Export as new Build Order

Jhyrachy Zerg - Winner!

Build Orders: Hatch First, Lurkers 

Get SALT Encoding   

  12  0:02  Drone  
  13  0:15  Overlord  
  13  0:22  Drone  
  14  0:34  Drone  
  14  0:35  Drone  
  16  0:39  Drone  
  17  0:59  Drone  
  17  1:00  Hatchery  
  17  1:13  Drone x2  
  17  1:17  Extractor  
  18  1:26  Drone  
  19  1:44  Overlord  
  19  1:51  Drone  
  20  2:09  Spawning Pool  
  20  2:12  Drone  
  20  2:16  Extractor  
  19  2:23  Hatchery  
  19  2:26  Drone x5  
  23  2:47  Drone x2  
  23  2:50  Overlord  
  23  2:51  Overlord  
  25  2:56  Queen  
  27  3:01  Zergling x4  
  28  3:12  Zergling x2  
  28  3:14  Queen  
  29  3:33  Drone x2  
  31  3:37  Lair  
  31  3:45  Queen  
  31  3:47  Drone x2  
  35  4:05  Extractor  
  35  4:07  Evolution Chamber  
  33  4:18  Drone  
  33  4:19  Drone x4  
  33  4:20  Evolution Chamber  
  33  4:22  Drone x3  
  40  4:25  Drone  
  41  4:36  Queen  
  43  4:41  Drone x2  
  45  4:49  Hydralisk Den  
  44  4:58  Spore Crawler  
  41  5:12  Queen  
  40  5:16  Spore Crawler  
  40  5:18  Spore Crawler  
  38  5:22  Spore Crawler  
  38  5:24  Spore Crawler  
  36  5:28  Spore Crawler  
  36  5:30  Hydralisk  
  36  5:31  Hydralisk x3  
  41  5:43  Drone x4  
  41  6:15  Hydralisk x6  
  49  6:40  Drone x2  
  49  6:41  Drone  
  52  6:50  Muscular Augments  
  52  7:29  Overlord x4  
  52  7:30  Overlord  
  52  8:18  Drone x6  
  52  8:19  Drone x2  
  60  8:20  Drone  
  60  8:21  Drone  
  60  8:25  Roach Warren  
  61  8:27  Zerg Missile Weapons Level 1  
  61  8:30  Zerg Ground Armor Level 1  
  41  9:18  Lurker Den  
  41  9:19  Hydralisk x2  
  41  9:20  Hydralisk x12  
  69  9:29  Queen  
  71  10:28  Extractor  
  70  10:39  Zerg Ground Armor Level 2  
  70  10:41  Zerg Missile Weapons Level 2  
  70  10:54  Lurker  
  56  11:11  Lurker x3  
  57  11:34  Drone x3, Extractor  
  57  11:35  Drone x5  
  64  11:49  Burrow  
  64  11:54  Hydralisk x2  
  64  11:55  Hydralisk x2  
  72  12:28  Lurker  
  73  12:39  Hatchery  
  72  12:45  Hatchery  
Tags
 
Add a new tag
Caveats
  • Supply blocks, unpowered buildings, or Contaminate may cause inaccurate times.
  • Supply counts are checked every 10 seconds.